 Dungeon Crawl Stone Soup version 0.20-a0-969-g5a5da1e (webtiles) character file.

658 HAWKINGL3623 the Covert (level 7, -4/35 HPs)
             Began as a Spriggan Assassin on Oct 18, 2017.
             Slain by an unseen horror (8 damage)
             ... on level 10 of the Dungeon on Oct 19, 2017.
             The game lasted 00:14:41 (2806 turns).

HAWKINGL3623 the Covert (Spriggan Assassin)         Turns: 2806, Time: 00:14:42

Health: -4/35      AC:  3    Str:  5 (7)  XL:     7   Next: 29%
Magic:  8/8        EV: 18    Int: 11 (13) God:
Gold:   156        SH:  0    Dex: 16 (19) Spells: 5/6 levels left

rFire    . . .     SeeInvis +   a - +2 dagger
rCold    . . .     Gourm    .   (shield restricted)
rNeg     . . .     Faith    .   c - +0 robe
rPois    .         Spirit   .   (helmet restricted)
rElec    .         Reflect  .   d - +0 cloak
rCorr    .         Harm     .   (gloves unavailable)
MR       +....                  (boots unavailable)
Stlth    +++++.....             (no amulet)
Regen    0.2/turn               (no ring)
MPRegen  0.2/turn               (no ring)

@: very slightly contaminated, invisible, very quick
A: unfitting armour, see invisible, herbivore 3, speed 3, slow metabolism 2
a: no special abilities


You were on level 10 of the Dungeon.
You were not hungry.

You visited 1 branch of the dungeon, and saw 10 of its levels.

You collected 156 gold pieces.

Inventory:

Hand Weapons
 a - a +2 dagger (weapon)
 b - a +0 blowgun
Missiles
 e - 5 poisoned needles
 f - 2 curare-tipped needles
Armour
 c - a +0 robe (worn)
 d - a +0 cloak (worn)
Wands
 p - a wand of flame (37/48)
Scrolls
 j - 5 scrolls of identify
 l - a scroll of remove curse
 o - a scroll of teleportation
Potions
 n - a potion of flight
Books
 m - a book of Minor Magic

   Spells                             Type                      Level
   a - Magic Dart                     Conjuration                  1
   b - Blink                          Translocation                2
   c - Call Imp                       Summoning                    2
   d - Slow                           Hexes                        2
   e - Conjure Flame                  Conjuration/Fire             3
   f - Mephitic Cloud                 Conjuration/Poison/Air       3
Comestibles
 g - 3 bread rations
 h - 30 fruits
 i - 2 royal jellies


   Skills:
 + Level 2.2 Fighting
 + Level 4.2 Short Blades
 + Level 2.1 Throwing
 + Level 3.3 Dodging
 + Level 11.5 Stealth


You had 5 spell levels left.
You knew the following spells:

 Your Spells              Type           Power        Failure   Level  Hunger
a - Magic Dart            Conj           #...         34%         1    ##.....


Dungeon Overview and Level Annotations

Branches:
Dungeon (10/15)            Temple (0/1) D:6
   Lair: D:8-11         Orc: D:9-12

Altars:
Kikubaaqudgha
Nemelex Xobeh
Okawaru
Uskayaw
Vehumet

Annotations:
D:4 Duvessa


Innate Abilities, Weirdness & Mutations

You are very small and have problems with some larger weapons.
You are too small for most types of armour.
You have supernaturally acute eyesight. (SInv)
You are a herbivore.
You cover ground extremely quickly.
You need consume almost no food.


Message History

The unseen horror misses you. The unseen horror hits you.
The unseen horror hits you. The unseen horror hits you!
* * * LOW HITPOINT WARNING * * *
You fade into invisibility!
The unseen horror closely misses you.
The unseen horror completely misses you.
The unseen horror barely misses you.
You are very lightly contaminated with residual magic.
The unseen horror completely misses you.
The unseen horror hits you.
* * * LOW HITPOINT WARNING * * *
The unseen horror closely misses you.
There is an open door here.
The unseen horror barely misses you. The unseen horror closely misses you.
The unseen horror misses you. The unseen horror hits you!
You die...

#............
######..........#
#...............#
#.(.............#
#........>....[.#
#..#######......#
#..#.....#'#....#
#..#.......#....#
#.)#.....@.# ...#
#..##..(..x###..#
#...#........'..#
#...#........#..#
#...#.<......#..#
#...##########..########+#
#.........................
#...........######........
###.........#....#........


You could see an unseen horror (invisible).

Vanquished Creatures
  A troll (D:9)
  An orc warrior (D:6)
  A sky beast (D:9)
  A big kobold (D:9)
  A hound (D:4)
  A bullfrog skeleton (D:4)
  An orc wizard (D:6)
  A worker ant (D:9)
  A hound skeleton (D:10)
  2 gnolls (D:5)
  A worm (D:5)
  A dart slug (D:1)
  3 orcs
  6 bats (D:1)
  6 giant cockroaches
  3 goblins (D:1)
  7 hobgoblins (D:1)
  2 quokkas (D:3)
  2 ball pythons
  3 frilled lizards
  7 kobolds
  A quokka skeleton (D:8)
  5 rats
58 creatures vanquished.

Notes
Turn   | Place    | Note
-------+----------+-------------------------------------------
     0 | D:1      | HAWKINGL3623 the Spriggan Assassin began the quest for the Orb.
     0 | D:1      | Reached XP level 1. HP: 10/10 MP: 2/2
   212 | D:1      | Reached skill level 6 in Stealth
   343 | D:1      | Reached XP level 2. HP: 12/15 MP: 3/3
   678 | D:1      | Reached skill level 7 in Stealth
   731 | D:1      | Reached XP level 3. HP: 18/18 MP: 4/4
  1096 | D:3      | something gained the power of zot (level 1).
  1096 | D:3      | something gained the power of zot (level 1).
  1096 | D:3      | something gained the power of zot (level 1).
  1096 | D:3      | something gained the power of zot (level 1).
  1096 | D:3      | something gained the power of zot (level 1).
  1105 | D:3      | Found a radiant altar of Vehumet.
  1136 | D:3      | Found an ancient bone altar of Kikubaaqudgha.
  1162 | D:3      | Found an iron altar of Okawaru.
  1229 | D:3      | Found a hide-covered altar of Uskayaw.
  1324 | D:4      | Learned a level 1 spell: Magic Dart
  1407 | D:4      | Reached skill level 8 in Stealth
  1407 | D:4      | Reached XP level 4. HP: 23/23 MP: 5/5
  1427 | D:4      | Noticed Duvessa
  1439 | D:4      | something gained the power of zot (level 1).
  1475 | D:4      | Found a sparkling altar of Nemelex Xobeh.
  1515 | D:5      | a worker ant gained the power of zot (level 1).
  1515 | D:5      | Entered Level 5 of the Dungeon
  1646 | D:5      | Noticed a sky beast
  1646 | D:6      | a crimson imp gained the power of zot (level 1).
  1646 | D:6      | a crimson imp gained the power of zot (level 1).
  1741 | D:6      | Found a staircase to the Ecumenical Temple.
  1742 | D:6      | Noticed a bullfrog
  1742 | D:6      | Noticed an orc warrior
  1746 | D:6      | Reached skill level 9 in Stealth
  1746 | D:6      | Reached XP level 5. HP: 26/26 MP: 6/6
  1750 | D:6      | Killed an orc warrior
  1761 | D:6      | Noticed a centaur
  1770 | D:6      | something gained the power of zot (level 1).
  1774 | D:7      | a bullfrog gained the power of zot (level 1).
  1784 | D:8      | a howler monkey gained the power of zot (level 1).
  1784 | D:8      | a howler monkey gained the power of zot (level 1).
  1968 | D:9      | an orc gained the power of zot (level 1).
  1968 | D:9      | an orc gained the power of zot (level 1).
  2380 | D:9      | Noticed a troll
  2387 | D:9      | Killed a troll
  2387 | D:9      | Reached skill level 10 in Stealth
  2387 | D:9      | Reached XP level 6. HP: 30/30 MP: 7/7
  2431 | D:9      | Noticed a sky beast
  2438 | D:9      | Killed a sky beast
  2438 | D:9      | Reached skill level 11 in Stealth
  2438 | D:9      | Reached XP level 7. HP: 35/35 MP: 8/8
  2655 | D:10     | Entered Level 10 of the Dungeon
  2780 | D:10     | Noticed an unseen horror
  2806 | D:10     | Slain by an unseen horror

Vault maps used:
D:1:      dpeg_arrival_solitude
D:2:      minmay_roachtagon, minmay_rat_hole, uniq_sigmund
D:3:      nicolae_overflow_crystal_walls, okawaru_gym_becter,
          overflow_temple_1_default, lemuel_doored_altar,
          kb_xom_exploding_sheep, lemuel_tele_altar
D:4:      nemelex_xobeh_ov_fountains_minmay, first_bread, gup_sewer_entry_pipe,
          uniq_pikel, uniq_duvessa
D:5:      serial_bayou_pond_b
D:6:      elyvilon_altar_5, minmay_temple_entry_mist
D:7:      basic_altar, enter_bailey_3
D:9:      kennysheep_flooded_box, blue_anna_alchemist
D:10:     minmay_lair_entry_grove

Skill      XL: |  1  2  3  4  5  6 |
---------------+-------------------+-----
Stealth        | 6 7 8 9 10 11 | 11.5
Short Blades   | 3 4 |  4.2
Dodging        | 3 |  3.3
Fighting       | 2 |  2.2
Throwing       | |  2.1

Action                   |  1- 3 |  4- 6 |  7- 9 || total
-------------------------+-------+-------+-------++-------
Melee: Dagger            |   116 |    37 |    16 ||   169
 Fire: Blowgun           |     3 |     2 |       ||     5
  Use: Scroll            |     7 |     3 |       ||    10
       Potion            |     2 |     1 |     2 ||     5
 Stab: Sleeping          |    14 |     8 |     2 ||    24
       Distracted        |     2 |     1 |       ||     3
Armor: Robe              |    15 |     1 |     2 ||    18
Dodge: Dodged            |    82 |    25 |    20 ||   127
